 Dungeon Crawl Stone Soup version 0.24.0-2-g5b39cebb1c (webtiles) character file.

Game seed: 2414274433838930602, levelgen mode: deterministic

127 iamserjio the Skirmisher (level 5, -5/37 HPs)
             Began as an Octopode Fighter on Oct 29, 2019.
             Killed from afar by an orc wizard (10 damage)
             ... with a magic dart
             ... on level 4 of the Dungeon.
             The game lasted 00:04:17 (2591 turns).

iamserjio the Skirmisher (Octopode Fighter)         Turns: 2591, Time: 00:04:18

Health: -5/37      AC:  1    Str: 17    XL:     5   Next: 11%
Magic:  5/5        EV: 11    Int: 10    God:
Gold:   110        SH:  9    Dex: 11    Spells: 4/4 levels left

rFire    . . .     SeeInvis .   a - +0 trident
rCold    . . .     Gourm    .   b - +0 shield
rNeg     . . .     Faith    .   (helmet restricted)
rPois    .         Spirit   .   (no amulet)
rElec    .         Reflect  .   (no ring)
rCorr    .         Harm     .   (no ring)
MR       .....                  (no ring)
Stlth    ++........             (no ring)
HPRegen  0.12/turn              (no ring)
MPRegen  0.09/turn              (no ring)
                                (no ring)
                                (no ring)

@: no status effects
A: almost no armour, stealthy swim, amphibious, 8 rings, constrict 8, camouflage
1, gelatinous body 1
a: no special abilities


You were on level 4 of the Dungeon.
You were not hungry.

You visited 1 branch of the dungeon, and saw 4 of its levels.

You collected 110 gold pieces.

Inventory:

Hand Weapons
 a - a +0 trident (weapon)
Missiles
 i - 7 boomerangs
 m - 10 poisoned darts (quivered)
Armour
 b - a +0 shield (worn)
Jewellery
 e - an uncursed ring of magical power {unknown}
 q - an uncursed ring of positive energy {unknown}
Scrolls
 f - 2 scrolls of remove curse {unknown}
 g - a scroll of fear {unknown}
 h - a scroll of identify {unknown}
 j - a scroll of enchant armour {unknown}
 k - a scroll of blinking {unknown}
Comestibles
 d - 3 rations
 n - 2 chunks of flesh


   Skills:
 + Level 4.0 Fighting
 * Level 3.6 Polearms
 - Level 3.0 Dodging
 + Level 3.7 Shields


You had 4 spell levels left.
You didn't know any spells.
Your spell library was empty.

Dungeon Overview and Level Annotations

Branches:
Dungeon (4/15)
 Temple: D:4-7

Altars:

Annotations:
D:3 exclusion: jackal, Sigmund


Innate Abilities, Weirdness & Mutations

You cannot wear most types of armour.
You are very stealthy in the water. (Stealth+)
You are amphibious.
You can wear up to eight rings at the same time.
You can use your tentacles to constrict eight enemies at once.
Your skin changes colour to match your surroundings (Stealth+).
Your rubbery body absorbs attacks. (AC +1, EV +1)


Message History

You block the orc wizard's attack. Something hits you but does no damage.
The quokka bites you but does no damage.
You are very lightly contaminated with residual magic.
It was a potion of cancellation.
Your magical effects are unravelling.
You feel magically purged.
Your magical contamination has completely faded away.
You feel less wooden.
You flicker back into view.
You feel a little less mighty now.
The orc wizard mumbles some strange words.
The orc wizard blinks!
The quokka barely misses you. Something hits you but does no damage.
You aren't carrying any potions.
Unknown command.
Unknown command.
Unknown command.
Unknown command.
The orc wizard casts a spell at you. The magic dart hits you!
You die...

############
#.)..o.....#
#...$......#
#......@...#
#.....{r...#
#..........#
#..........#
#..........#
#..........#
#..........#
##..####....
..# ######


You could see an orc wizard and a quokka.

Vanquished Creatures
  An orc wizard (D:2)
  3 adders (D:2)
  3 worms (D:2)
  3 dart slugs
  4 orcs
  2 ball pythons (D:2)
  2 giant cockroaches
  7 goblins
  8 hobgoblins
  3 jackals (D:1)
  5 bats
  3 frilled lizards (D:1)
  5 kobolds
  3 rats
52 creatures vanquished.

Vanquished Creatures (others)
  A kobold (D:1)
1 creature vanquished.

Grand Total: 53 creatures vanquished

Notes
Turn   | Place    | Note
-------+----------+-------------------------------------------
     0 | D:1      | iamserjio the Octopode Fighter began the quest for the Orb.
     0 | D:1      | Reached XP level 1. HP: 16/16 MP: 1/1
   267 | D:1      | Reached XP level 2. HP: 21/21 MP: 2/2
   305 | D:1      | You fall into a shaft and drop 1 floor!
   421 | D:2      | Reached XP level 3. HP: 20/26 MP: 3/3
  1453 | D:2      | Reached XP level 4. HP: 33/33 MP: 4/4
  2361 | D:2      | Reached skill level 4 in Fighting
  2361 | D:2      | Reached XP level 5. HP: 21/37 MP: 5/5
  2530 | D:3      | Noticed Sigmund
  2591 | D:4      | Killed from afar by an orc wizard

Levels and vault maps discovered:
D:1:      mainiacjoe_arrival_reflecting_pool, layout_loops_ring,
          lemuel_flame_loot_1
D:2:      layout_rooms
D:3:      layout_rooms, first_ration, chequers_serial_rivers_room_a,
          grunt_ministairs_13, minmay_distorted, uniq_sigmund, uniq_jessica
D:4:      layout_rooms, uniq_blork_the_orc

Skill      XL: |  1  2  3  4 |
---------------+-------------+-----
Polearms       | 3 |  3.6
Fighting       | 4 |  4.0
Dodging        | |  3.0
Shields        | |  3.7

Action                   |  1- 3 |  4- 6 || total
-------------------------+-------+-------++-------
Melee: Trident           |    76 |    61 ||   137
       Constrict         |    19 |    12 ||    31
       Tentacles         |     8 |    11 ||    19
       Unarmed           |       |     7 ||     7
  Use: Potion            |       |     5 ||     5
 Stab: Sleeping          |     6 |     1 ||     7
       Distracted        |     1 |       ||     1
  Eat: Chunk             |     1 |     4 ||     5
Armor: Skin              |     3 |    58 ||    61
Dodge: Dodged            |    19 |    24 ||    43
Block: Shield            |    21 |    28 ||    49
